General information
- name: ffa rdm race
- type: Custom game
- host: RazzR
- saver: Dignitates
map: MarketSquare
- players: 8
- length: 52:42
- speed: Fast
- version: 1.26 W3XP
- replay type: Public
» download(329 KB)
Players
team 1 (loser)

»
RazzR (
red | 56 APM | 1399 actions | 25:03)
4 Blademaster
2 Wind Walk
2 Critical Strike
3 Shadow Hunter
1 Hex
2 Healing Wave
» actions
| Assign group hotkey | 22 | |
| Basic commands | 18 | |
| Build / train | 98 | |
| Enter build submenu | 32 | |
| Enter hero's abilities submenu | 7 | |
| Give item / drop item | 1 | |
| Remove unit from queue | 2 | |
| Right click | 509 | |
| Select / deselect | 289 | |
| Select group hotkey | 307 | |
| Use ability | 114 | |
1399 total
» units
| Peon | 37 | |
| Grunt | 6 | |
| Shaman | 3 | |
| Demolisher | 1 | |
| Tauren | 3 | |
| Troll Witch Doctor | 2 | |
| Troll Batrider | 3 | |
| Spirit Walker | 2 | |
57 total
» upgrades
| Berserker Strength | 1 | |
| Shaman Training | 2 | |
| Burning Oil | 1 | |
| Witch Doctor Training | 2 | |
| Melee Weapons | 2 | |
| Armor | 2 | |
| Reinforced Defenses | 1 | |
| Pulverize | 1 | |
| Spirit Walker Training | 2 | |
14 total
» buildings
| Altar of Storms | 1 | |
| Orc Burrow | 10 | |
| Barracks | 2 | |
| Voodoo Lounge | 2 | |
| Stronghold | 1 | |
| War Mill | 1 | |
| Spirit Lodge | 1 | |
| Fortress | 1 | |
| Tauren Totem | 1 | |
| Watch Tower | 11 | |
| Beastiary | 2 | |
33 total
» build order
00:09 Altar of Storms
00:13 Orc Burrow
00:44 Barracks
01:36 Orc Burrow
02:08 Voodoo Lounge
03:43 Stronghold
04:31 War Mill
05:53 Orc Burrow
06:10 Spirit Lodge
06:24 Orc Burrow
06:28 Fortress
08:50 Tauren Totem
10:40 Orc Burrow
12:11 Watch Tower
13:00 Watch Tower
13:02 Watch Tower
15:55 Beastiary
18:41 Barracks
18:43 Voodoo Lounge
18:54 Watch Tower
18:54 Watch Tower
18:55 Watch Tower
18:56 Watch Tower
18:56 Watch Tower
19:10 Orc Burrow
19:12 Orc Burrow
19:12 Orc Burrow
20:32 Beastiary
22:19 Orc Burrow
22:19 Orc Burrow
23:34 Watch Tower
23:35 Watch Tower
23:37 Watch Tower
» items
| Healing Salve | 4 | |
| Lesser Clarity Potion | 2 | |
| Tiny Great Hall | 2 | |
| Scroll of Town Portal | 3 | |
| Orb of Lightning | 2 | |
| Potion of Healing | 1 | |
14 total
team 2 (loser)

»
pedaW (
blue | 47 APM | 768 actions | 16:28)
3 Blademaster
1 Wind Walk
1 Mirror Image
1 Critical Strike
2 Shadow Hunter
1 Healing Wave
1 Hex
» actions
| Assign group hotkey | 16 | |
| Basic commands | 1 | |
| Build / train | 49 | |
| Enter build submenu | 20 | |
| Enter hero's abilities submenu | 5 | |
| Give item / drop item | 2 | |
| Right click | 335 | |
| Select / deselect | 220 | |
| Select group hotkey | 81 | |
| Use ability | 39 | |
768 total
» units
| Peon | 6 | |
| Grunt | 4 | |
| Troll Headhunter/Berserker | 7 | |
| Wind Rider | 1 | |
| Troll Batrider | 16 | |
34 total
» buildings
| Altar of Storms | 1 | |
| Orc Burrow | 5 | |
| Barracks | 1 | |
| War Mill | 1 | |
| Voodoo Lounge | 1 | |
| Watch Tower | 7 | |
| Stronghold | 1 | |
| Beastiary | 2 | |
| Spirit Lodge | 1 | |
| Fortress | 1 | |
21 total
» build order
00:07 Altar of Storms
00:10 Orc Burrow
00:27 Barracks
01:44 Orc Burrow
02:09 War Mill
02:28 Voodoo Lounge
03:26 Watch Tower
03:38 Orc Burrow
04:31 Stronghold
04:40 Watch Tower
05:46 Watch Tower
06:49 Watch Tower
07:32 Orc Burrow
08:04 Watch Tower
08:39 Beastiary
09:08 Watch Tower
09:30 Beastiary
09:45 Orc Burrow
11:32 Watch Tower
11:40 Spirit Lodge
15:45 Fortress
» items
| Healing Salve | 2 | |
| Scroll of Speed | 1 | |
| Lesser Clarity Potion | 2 | |
| Scroll of Town Portal | 1 | |
6 total
team 3 (winner)

»
Dignitates (
pink | 124 APM | 6557 actions | 52:42)
7 Death Knight
3 Death Coil
3 Unholy Aura
1 Animate Dead
9 Lich
3 Frost Nova
3 Frost Armor
1 Death and Decay
2 Dark Ritual
8 Crypt Lord
3 Impale
3 Spiked Carapace
1 Locust Swarm
1 Carrion Beetles
» actions
| Assign group hotkey | 61 | |
| Basic commands | 10 | |
| Build / train | 145 | |
| ESC pressed | 3 | |
| Enter build submenu | 59 | |
| Enter hero's abilities submenu | 25 | |
| Give item / drop item | 9 | |
| Right click | 2410 | |
| Select / deselect | 1518 | |
| Select group hotkey | 1948 | |
| Use ability | 369 | |
6557 total
» units
| Acolyte | 25 | |
| Ghoul | 3 | |
| Crypt Fiend | 7 | |
| Obsidian Statue | 4 | |
| Frost Wyrm | 7 | |
| Abomination | 3 | |
| Necromancer | 1 | |
| Banshee | 1 | |
51 total
» upgrades
| Burrow | 1 | |
| Web | 1 | |
| Destroyer Form | 1 | |
| Creature Attack | 3 | |
| Creature Carapace | 3 | |
| Freezing Breath | 1 | |
| Disease Cloud | 1 | |
| Banshee Training | 2 | |
| Necromancer Training | 2 | |
| Skeletal Mastery | 1 | |
| Skeletal Longevity | 1 | |
| Ghoul Frenzy | 1 | |
18 total
» buildings
| Crypt | 3 | |
| Graveyard | 1 | |
| Altar of Darkness | 1 | |
| Ziggurat | 26 | |
| Tomb of Relics | 4 | |
| Halls of the Dead | 1 | |
| Necropolis | 6 | |
| Nerubian Tower | 7 | |
| Spirit Tower | 15 | |
| Black Citadel | 1 | |
| Sacrificial Pit | 1 | |
| Slaughterhouse | 2 | |
| Boneyard | 2 | |
| Temple of the Damned | 2 | |
72 total
» build order
00:06 Crypt
00:13 Graveyard
00:42 Altar of Darkness
00:57 Ziggurat
01:24 Tomb of Relics
01:28 Tomb of Relics
02:00 Ziggurat
04:03 Ziggurat
04:37 Halls of the Dead
05:25 Necropolis
06:17 Nerubian Tower
07:18 Ziggurat
07:19 Ziggurat
08:13 Nerubian Tower
08:54 Spirit Tower
08:55 Ziggurat
08:56 Black Citadel
09:40 Nerubian Tower
09:42 Sacrificial Pit
09:48 Ziggurat
09:53 Spirit Tower
10:13 Slaughterhouse
11:19 Necropolis
11:53 Boneyard
14:10 Ziggurat
14:11 Ziggurat
14:12 Ziggurat
14:13 Ziggurat
15:07 Nerubian Tower
15:10 Spirit Tower
15:44 Spirit Tower
15:45 Spirit Tower
17:21 Boneyard
17:25 Ziggurat
17:27 Spirit Tower
18:37 Spirit Tower
22:01 Spirit Tower
23:39 Ziggurat
23:40 Ziggurat
28:11 Crypt
28:13 Crypt
28:14 Slaughterhouse
29:00 Ziggurat
29:03 Ziggurat
29:05 Ziggurat
32:06 Necropolis
32:22 Spirit Tower
32:22 Nerubian Tower
32:54 Temple of the Damned
32:55 Temple of the Damned
34:29 Necropolis
36:26 Ziggurat
36:26 Ziggurat
36:27 Ziggurat
36:28 Ziggurat
37:22 Spirit Tower
37:22 Nerubian Tower
37:24 Tomb of Relics
37:26 Spirit Tower
37:30 Tomb of Relics
37:58 Necropolis
41:08 Ziggurat
41:09 Ziggurat
41:09 Ziggurat
41:10 Ziggurat
41:11 Ziggurat
42:03 Spirit Tower
42:04 Nerubian Tower
42:08 Spirit Tower
42:08 Spirit Tower
42:41 Spirit Tower
43:27 Necropolis
» items
| Rod of Necromancy | 6 | |
| Potion of Healing | 3 | |
| Dust of Appearance | 2 | |
| Orb of Corruption | 1 | |
| Scroll of Healing | 3 | |
| Scroll of Town Portal | 7 | |
| Potion of Lesser Invulnerability | 1 | |
| Scroll of Protection | 1 | |
| Potion of Mana | 1 | |
25 total
team 4 (loser)

»
rassierer (
teal | 61 APM | 2148 actions | 35:02)
5 Warden
3 Shadow Strike
2 Blink
» actions
| Assign group hotkey | 30 | |
| Build / train | 88 | |
| Enter build submenu | 31 | |
| Enter hero's abilities submenu | 5 | |
| Remove unit from queue | 8 | |
| Right click | 1136 | |
| Select / deselect | 475 | |
| Select group hotkey | 255 | |
| Use ability | 120 | |
2148 total
» units
| Wisp | 27 | |
| Glaive Thrower | 8 | |
| Archer | 11 | |
| Hippogryph | 10 | |
| Chimaera | 3 | |
59 total
» upgrades
| Strength of the Moon | 2 | |
| Vorpal Blades | 1 | |
| Nature's Blessing | 1 | |
| Improved Bows | 1 | |
| Hippogryph Taming | 1 | |
| Moon Armor | 1 | |
| Marksmanship | 1 | |
| Strength of the Wild | 2 | |
| Corrosive Breath | 1 | |
11 total
» buildings
| Hunter's Hall | 1 | |
| Moon Well | 12 | |
| Altar of Elders | 1 | |
| Ancient Protector | 10 | |
| Ancient of Wonders | 1 | |
| Ancient of War | 2 | |
| Tree of Ages | 1 | |
| Ancient of Wind | 1 | |
| Tree of Eternity | 1 | |
| Chimaera Roost | 2 | |
32 total
» build order
00:19 Hunter's Hall
00:30 Moon Well
01:30 Altar of Elders
02:01 Ancient Protector
02:15 Moon Well
02:40 Ancient Protector
03:01 Ancient Protector
03:38 Ancient Protector
03:52 Ancient Protector
03:56 Moon Well
04:19 Ancient Protector
04:22 Ancient of Wonders
04:35 Moon Well
05:13 Moon Well
05:29 Ancient Protector
05:31 Ancient Protector
05:34 Ancient Protector
06:14 Ancient of War
06:53 Ancient Protector
07:30 Moon Well
07:31 Moon Well
08:13 Tree of Ages
09:48 Ancient of War
10:09 Moon Well
10:42 Ancient of Wind
14:06 Moon Well
16:10 Moon Well
16:13 Moon Well
22:06 Tree of Eternity
23:41 Moon Well
24:41 Chimaera Roost
24:41 Chimaera Roost
» items
| Dust of Appearance | 1 | |
| Staff of Teleportation | 1 | |
2 total
team 5 (loser)

»
Instinc (
purple | 60 APM | 2653 actions | 44:25)
6 Blademaster
2 Wind Walk
3 Critical Strike
1 Bladestorm
» actions
| Assign group hotkey | 17 | |
| Basic commands | 1 | |
| Build / train | 111 | |
| Enter build submenu | 30 | |
| Enter hero's abilities submenu | 6 | |
| Give item / drop item | 2 | |
| Remove unit from queue | 1 | |
| Right click | 1151 | |
| Select / deselect | 479 | |
| Select group hotkey | 700 | |
| Use ability | 155 | |
2653 total
» units
| Peon | 14 | |
| Raider | 10 | |
| Troll Witch Doctor | 4 | |
| Troll Batrider | 22 | |
| Tauren | 2 | |
| Shaman | 3 | |
55 total
» upgrades
| Spiked Barricades | 3 | |
| Melee Weapons | 3 | |
| Ensnare | 1 | |
| Reinforced Defenses | 1 | |
| Pillage | 1 | |
| Armor | 3 | |
| Liquid Fire | 1 | |
| Ranged Weapons | 3 | |
| Witch Doctor Training | 2 | |
| Shaman Training | 2 | |
| War Drums Damage Increase | 1 | |
21 total
» buildings
| War Mill | 1 | |
| Orc Burrow | 9 | |
| Watch Tower | 12 | |
| Altar of Storms | 1 | |
| Voodoo Lounge | 1 | |
| Stronghold | 4 | |
| Fortress | 1 | |
| Beastiary | 3 | |
| Spirit Lodge | 1 | |
| Tauren Totem | 1 | |
| Great Hall | 2 | |
36 total
» build order
00:06 War Mill
00:09 Orc Burrow
01:04 Orc Burrow
01:29 Watch Tower
02:00 Watch Tower
02:27 Altar of Storms
02:40 Orc Burrow
03:16 Watch Tower
03:40 Watch Tower
04:13 Voodoo Lounge
04:16 Stronghold
04:16 Stronghold
04:17 Stronghold
04:29 Orc Burrow
05:20 Watch Tower
05:25 Watch Tower
07:10 Fortress
07:21 Beastiary
07:27 Beastiary
08:10 Beastiary
09:48 Watch Tower
09:49 Watch Tower
09:53 Watch Tower
12:07 Orc Burrow
12:12 Watch Tower
12:12 Watch Tower
13:54 Spirit Lodge
15:41 Watch Tower
16:53 Orc Burrow
16:55 Orc Burrow
27:46 Tauren Totem
28:14 Orc Burrow
28:15 Orc Burrow
31:26 Great Hall
39:19 Great Hall
» items
| Lesser Clarity Potion | 4 | |
| Healing Salve | 3 | |
| Scroll of Speed | 2 | |
| Potion of Mana | 2 | |
| Potion of Healing | 3 | |
| Orb of Lightning | 5 | |
| Boots of Speed | 1 | |
| Scroll of Town Portal | 2 | |
22 total
team 6 (loser)

»
IronKorean (
yellow | 34 APM | 598 actions | 17:40)
3 Death Knight
2 Death Coil
1 Unholy Aura
1 Lich
1 Frost Nova
» actions
| Assign group hotkey | 49 | |
| Basic commands | 2 | |
| Build / train | 33 | |
| Enter build submenu | 15 | |
| Enter hero's abilities submenu | 4 | |
| Give item / drop item | 1 | |
| Right click | 245 | |
| Select / deselect | 134 | |
| Select group hotkey | 87 | |
| Use ability | 28 | |
598 total
» units
| Acolyte | 4 | |
| Ghoul | 2 | |
| Crypt Fiend | 6 | |
| Obsidian Statue | 3 | |
15 total
» upgrades
| Creature Attack | 2 | |
| Burrow | 1 | |
| Creature Carapace | 1 | |
| Web | 1 | |
5 total
» buildings
| Graveyard | 1 | |
| Crypt | 1 | |
| Altar of Darkness | 1 | |
| Ziggurat | 5 | |
| Tomb of Relics | 1 | |
| Halls of the Dead | 1 | |
| Black Citadel | 1 | |
| Slaughterhouse | 1 | |
| Sacrificial Pit | 1 | |
| Necropolis | 1 | |
14 total
» build order
00:10 Graveyard
00:21 Crypt
00:43 Altar of Darkness
01:02 Ziggurat
01:43 Tomb of Relics
01:55 Ziggurat
03:49 Halls of the Dead
04:59 Ziggurat
13:54 Black Citadel
14:00 Slaughterhouse
14:25 Sacrificial Pit
14:28 Ziggurat
15:27 Ziggurat
17:30 Necropolis
» items
| Rod of Necromancy | 1 | |
| Potion of Healing | 1 | |
| Scroll of Town Portal | 1 | |
| Scroll of Healing | 1 | |
| Orb of Corruption | 1 | |
5 total
team 7 (loser)

»
s-top-s (
light-blue | 85 APM | 4445 actions | 52:35)
8 Mountain King
3 Storm Bolt
1 Bash
3 Thunder Clap
1 Avatar
6 Paladin
3 Holy Light
1 Divine Shield
1 Devotion Aura
1 Resurrection
5 Blood Mage
3 Flame Strike
1 Siphon Mana
1 Banish
» actions
| Assign group hotkey | 78 | |
| Basic commands | 125 | |
| Build / train | 246 | |
| ESC pressed | 8 | |
| Enter build submenu | 71 | |
| Enter hero's abilities submenu | 20 | |
| Give item / drop item | 2 | |
| Right click | 1418 | |
| Select / deselect | 837 | |
| Select group hotkey | 1345 | |
| Use ability | 295 | |
4445 total
» units
| Peasant | 57 | |
| Footman | 8 | |
| Rifleman | 6 | |
| Mortar Team | 2 | |
| Flying Machine | 6 | |
| Priest | 2 | |
| Sorceress | 3 | |
| Siege Engine | 3 | |
| Dragonhawk Rider | 11 | |
| Gryphon Rider | 7 | |
| Spell Breaker | 6 | |
| Knight | 3 | |
114 total
» upgrades
| Masonry | 3 | |
| Defend | 1 | |
| Gunpowder | 3 | |
| Lumber Harvesting | 2 | |
| Armor | 4 | |
| Long Rifles | 1 | |
| Magic Sentry | 1 | |
| Flare | 1 | |
| Flak Cannons | 1 | |
| Barrage | 1 | |
| Fragmentation Shards | 1 | |
| Swords | 2 | |
| Control Magic | 1 | |
| Storm Hammers | 1 | |
| Plating | 3 | |
| Cloud | 1 | |
| Flying Machine Bombs | 1 | |
| Animal War Training | 1 | |
| Priest Training | 2 | |
| Sorceress Training | 2 | |
33 total
» buildings
| Altar of Kings | 1 | |
| Farm | 14 | |
| Barracks | 1 | |
| Scout Tower | 39 | |
| Arcane Tower | 6 | |
| Arcane Vault | 1 | |
| Lumber Mill | 1 | |
| Blacksmith | 1 | |
| Town Hall | 6 | |
| Keep | 1 | |
| Guard Tower | 25 | |
| Workshop | 1 | |
| Castle | 3 | |
| Arcane Sanctum | 1 | |
| Gryphon Aviary | 4 | |
105 total
» build order
00:08 Altar of Kings
00:20 Farm
00:36 Barracks
00:56 Farm
01:34 Farm
01:42 Scout Tower
02:12 Arcane Tower
02:15 Farm
02:25 Arcane Vault
03:06 Lumber Mill
06:55 Blacksmith
08:08 Scout Tower
08:12 Town Hall
08:34 Arcane Tower
08:36 Scout Tower
09:00 Keep
09:04 Farm
09:24 Farm
09:32 Guard Tower
09:45 Scout Tower
10:07 Farm
10:11 Arcane Tower
10:13 Scout Tower
10:47 Guard Tower
12:08 Scout Tower
12:10 Farm
12:46 Workshop
13:01 Scout Tower
13:02 Arcane Tower
13:56 Guard Tower
13:58 Scout Tower
14:26 Guard Tower
15:06 Scout Tower
15:14 Scout Tower
15:31 Town Hall
15:44 Guard Tower
15:45 Scout Tower
15:46 Scout Tower
15:49 Castle
15:50 Castle
16:15 Guard Tower
16:19 Scout Tower
16:30 Guard Tower
16:35 Arcane Sanctum
16:41 Arcane Tower
16:47 Guard Tower
17:37 Scout Tower
17:49 Scout Tower
18:09 Guard Tower
18:11 Gryphon Aviary
18:31 Scout Tower
18:32 Scout Tower
18:59 Scout Tower
19:01 Guard Tower
19:28 Gryphon Aviary
19:32 Gryphon Aviary
19:37 Farm
19:49 Gryphon Aviary
20:13 Scout Tower
20:41 Guard Tower
20:43 Scout Tower
21:16 Scout Tower
21:23 Scout Tower
21:43 Guard Tower
21:49 Farm
21:55 Farm
22:10 Farm
22:12 Farm
22:42 Guard Tower
22:44 Scout Tower
22:52 Scout Tower
24:23 Guard Tower
24:25 Scout Tower
24:48 Guard Tower
24:50 Scout Tower
25:04 Guard Tower
25:06 Scout Tower
25:23 Guard Tower
25:24 Scout Tower
25:40 Guard Tower
25:43 Scout Tower
25:53 Guard Tower
26:15 Guard Tower
26:42 Scout Tower
27:23 Scout Tower
27:24 Guard Tower
27:54 Guard Tower
27:56 Scout Tower
28:27 Guard Tower
28:29 Scout Tower
28:41 Town Hall
28:50 Town Hall
28:58 Guard Tower
29:00 Scout Tower
35:20 Farm
38:09 Scout Tower
38:11 Scout Tower
38:13 Scout Tower
38:14 Scout Tower
38:16 Scout Tower
39:57 Guard Tower
39:59 Town Hall
41:03 Arcane Tower
44:32 Town Hall
» items
| Scroll of Regeneration | 8 | |
| Lesser Clarity Potion | 15 | |
| Boots of Speed | 3 | |
| Scroll of Town Portal | 7 | |
| Orb of Fire | 1 | |
| Staff of Sanctuary | 2 | |
| Potion of Healing | 1 | |
| Potion of Lesser Invulnerability | 2 | |
| Periapt of Vitality | 2 | |
| Potion of Invisibility | 1 | |
42 total
team 8 (loser)

»
u_will_die (
orange | 73 APM | 2681 actions | 36:35)
4 Death Knight
2 Death Coil
2 Unholy Aura
» actions
| Assign group hotkey | 32 | |
| Build / train | 95 | |
| ESC pressed | 2 | |
| Enter build submenu | 37 | |
| Enter hero's abilities submenu | 6 | |
| Remove unit from queue | 5 | |
| Right click | 1259 | |
| Select / deselect | 439 | |
| Select group hotkey | 733 | |
| Use ability | 73 | |
2681 total
» units
| Acolyte | 10 | |
| Crypt Fiend | 5 | |
| Ghoul | 3 | |
| Gargoyle | 40 | |
| Abomination | 5 | |
| Obsidian Statue | 2 | |
65 total
» upgrades
| Creature Carapace | 2 | |
| Disease Cloud | 1 | |
| Unholy Armor | 2 | |
| Stone Form | 1 | |
6 total
» buildings
| Graveyard | 1 | |
| Ziggurat | 28 | |
| Crypt | 2 | |
| Altar of Darkness | 1 | |
| Nerubian Tower | 1 | |
| Spirit Tower | 8 | |
| Halls of the Dead | 1 | |
| Black Citadel | 1 | |
| Slaughterhouse | 2 | |
| Tomb of Relics | 1 | |
| Sacrificial Pit | 2 | |
| Boneyard | 2 | |
| Necropolis | 1 | |
51 total
» build order
00:11 Graveyard
00:14 Ziggurat
00:33 Crypt
01:08 Altar of Darkness
01:43 Nerubian Tower
01:47 Spirit Tower
02:11 Ziggurat
03:31 Spirit Tower
04:02 Ziggurat
05:05 Halls of the Dead
05:26 Nerubian Tower
06:09 Ziggurat
06:15 Ziggurat
06:18 Ziggurat
07:27 Spirit Tower
08:45 Black Citadel
10:29 Slaughterhouse
10:40 Tomb of Relics
12:02 Slaughterhouse
15:27 Ziggurat
15:31 Ziggurat
16:42 Spirit Tower
17:03 Sacrificial Pit
17:11 Sacrificial Pit
18:47 Boneyard
19:40 Necropolis
20:38 Ziggurat
20:38 Ziggurat
20:38 Ziggurat
20:38 Ziggurat
20:39 Ziggurat
20:39 Ziggurat
20:39 Ziggurat
20:39 Ziggurat
20:40 Ziggurat
20:41 Ziggurat
20:43 Ziggurat
20:43 Ziggurat
21:44 Ziggurat
22:36 Spirit Tower
22:39 Ziggurat
22:42 Ziggurat
24:33 Spirit Tower
25:51 Crypt
31:36 Boneyard
32:34 Ziggurat
32:36 Ziggurat
32:39 Ziggurat
34:01 Spirit Tower
34:23 Spirit Tower
» items
| Scroll of Town Portal | 2 | |
| Orb of Corruption | 1 | |
3 total
Chat log
(00:40 / All) rassierer: gg gl hf
(00:47 / All) u_will_die: from
(00:50 / All) rassierer: ger
(00:53 / All) u_will_die: gre
(00:54 / All) u_will_die: ger
(00:57 / All) IronKorean: ger
(00:57 / All) u_will_die: was get
(01:04 / All) RazzR: ger gl hf
(01:07 / All) rassierer: ^^
(01:10 / All) rassierer: haut rein
(01:14 / All) u_will_die: machma team
(01:18 / All) rassierer: hab danachn date <3
(01:35 / All) u_will_die: gangster
(01:50 / All) pedaW: keine teams
(02:01 / All) u_will_die: wiso
(02:02 / All) pedaW: kann ja nicht so lang dauern
(03:04 / All) rassierer: EY
(05:38 / All) rassierer: spast
(09:28 / All) rassierer: eye at to
(09:31 / All) rassierer: P
(12:09 / All) rassierer: u think im silly red or wtf
(12:29 / All) RazzR: of course not you have mass tower pro :)
(12:41 / All) rassierer: i need it buy all vsall^^
(12:55 / All) u_will_die: wie file spielen noch?
(13:02 / All) rassierer: alle?
(14:08 / All) IronKorean: was afk xD
(14:13 / All) u_will_die: XD
(16:22 / All) pedaW: ich hab nur pech
(17:20 / All) u_will_die: y
(18:29 / All) u_will_die: y
(19:34 / All) Instinc: lol
(19:37 / All) rassierer: ^^
(19:45 / All) u_will_die: ?
(22:04 / All) rassierer: COME TO ME
(22:12 / All) u_will_die: k
(22:21 / All) u_will_die: wo
(22:23 / All) rassierer: top right
(23:20 / All) rassierer: COME NOOBS
(24:05 / All) rassierer: u come or not
(24:55 / All) RazzR: ;(
(27:01 / All) rassierer: COME TO ME
(27:03 / All) rassierer: I MUST GO
(27:19 / All) u_will_die: wo bist du
(27:25 / All) u_will_die: oben?
(27:29 / All) rassierer: JA
(27:31 / All) u_will_die: unten?
(27:37 / All) rassierer: oben rechts
(27:44 / All) u_will_die: was dan
(27:53 / All) u_will_die: team
(27:54 / All) u_will_die: ?
(28:12 / All) rassierer: PINK NOOOB
(28:21 / All) u_will_die: ich weiß
(28:36 / All) rassierer: OBEN RECHTS
(28:41 / All) u_will_die: ja
(28:46 / All) rassierer: DANN KOMMM
(28:53 / All) u_will_die: k
(30:06 / All) u_will_die: ich werde angegrifen
(30:19 / All) u_will_die: alle tot
(30:47 / All) u_will_die: alter
(31:18 / All) rassierer: XD
(31:20 / All) u_will_die: und jetzt?
(31:31 / All) rassierer: ist das alles
(31:42 / All) rassierer: greif mi an
(31:49 / All) u_will_die: ich wurde angegrifen
(31:59 / All) u_will_die: alter
(33:40 / All) u_will_die: komm unten rechtz pink glaubeich
(33:54 / All) u_will_die: ok?
(34:10 / All) u_will_die: k?
(36:12 / All) Instinc: eheh
(36:20 / All) u_will_die: omd
(36:23 / All) u_will_die: omg
(36:25 / All) Instinc: xD
(44:22 / All) Instinc: hm.. wyrm vs tank's and gyros gg pink xD